 Dungeon Crawl Stone Soup version 0.29-a0-997-gf6f7e2dfe7 (webtiles) character file.

Game seed: 1380897242998416826

35 SkeletonJelly the Sneak (level 3, 0/21 HPs)
             Began as an Octopode Enchanter on Aug 4, 2022.
             Slain by a jackal (1 damage)
             ... on level 2 of the Dungeon.
             The game lasted 00:04:04 (1308 turns).

SkeletonJelly the Sneak (Octopode Enchanter)        Turns: 1308, Time: 00:04:05

Health: 0/21       AC:  1    Str:  7    XL:     3   Next: 33%
Magic:  0/6        EV: 13    Int: 19    God:
Gold:   67         SH:  0    Dex: 12    Spells: 4/6 levels left

rFire   . . .      SeeInvis .   a - +1 dagger
rCold   . . .      Faith    .   (no shield)
rNeg    . . .      Spirit   .   (helmet restricted)
rPois   .          Reflect  .   (no amulet)
rElec   .          Harm     .   (no ring)
rCorr   .          Rampage  .   (no ring)
Will    .....                   (no ring)
Stlth   +++.......              (no ring)
HPRegen 0.07/turn               (no ring)
MPRegen 0.10/turn               (no ring)
                                (no ring)
                                (no ring)

@: no status effects
A: almost no armour, amphibious, 8 rings, camouflage 1, gelatinous body 1,
(nimble swimmer 1), tentacles
a: no special abilities


You were on level 2 of the Dungeon.
You visited 1 branch of the dungeon, and saw 2 of its levels.

You collected 67 gold pieces.

Inventory:

Hand Weapons
 a - a +1 dagger (weapon)
Missiles
 e - 5 poisoned darts (quivered)
Jewellery
 f - a ring of fire
Scrolls
 g - 3 scrolls of identify {unknown}
 h - 2 scrolls of immolation {unknown}
Potions
 b - 2 potions of invisibility
 c - a potion of degeneration {unknown}
 d - a potion of flight {unknown}


   Skills:
 * Level 2.4 Short Blades
 - Level 2.0 Dodging
 - Level 4.0 Stealth
 - Level 2.0 Spellcasting
 + Level 3.3 Hexes
 + Level 0.8 Ice Magic


You had 4 spell levels left.
You knew the following spells:

 Your Spells              Type           Power      Damage    Failure   Level
a - Ensorcelled Hibernat  Hex/Ice        18%        N/A       11%         2

Your spell library contained the following spells:

 Spells                   Type           Power      Damage    Failure   Level
 Confusing Touch          Hex            14%        N/A       13%         3
 Tukima's Dance           Hex            14%        N/A       13%         3
 Dazzling Flash           Conj/Hex       16%        N/A       26%         3


Dungeon Overview and Level Annotations

Branches:
Dungeon (2/15)

Altars:


Innate Abilities, Weirdness & Mutations

You cannot wear most types of armour.
You are amphibious.
You can wear up to eight rings at the same time.
Your skin changes colour to match your surroundings (Stealth+).
Your rubbery body absorbs attacks. (AC +1, EV +1)
((You are camouflaged when in or above water. (Stealth+)))
You have tentacles for arms and can constrict up to eight enemies at once.


Message History

You hit the bat.
You kill the bat!
No target in view!
No target in view!
No target in view!
You see here a bat corpse.
An endoplasm comes into view.
Found 9 gold pieces.
The helpless endoplasm fails to defend itself.
You impale the endoplasm!!
You kill the endoplasm!
No target in view!
No target in view!
No target in view!
No target in view!
You now have 50 gold pieces (gained 9).
Key pressed, stopping explore.
Key pressed, stopping explore.
Key pressed, stopping explore.
Done exploring.
Done exploring.
Done exploring.
Done exploring.
Done exploring.
Done exploring.
Done exploring.
Search for what [? for help]? .
There is a stone staircase leading down here.
You climb downwards.
Found a plate armour.
Found a stone staircase leading up.
There is a stone staircase leading up here.
h - 2 scrolls labelled SIH PAL RIMN (gained 1)
You now have 67 gold pieces (gained 17).
A jackal comes into view.
A jackal is nearby!
No target in view!
A hobgoblin comes into view.
Found a metallic cyan potion.
A jackal comes into view.
Found a spear and 6 gold pieces.
The jackal barks!
The hobgoblin shouts!
The hobgoblin closely misses you.
You closely miss the hobgoblin.
The jackal barks!
You grab the hobgoblin. You constrict the hobgoblin.
You barely miss the hobgoblin.
The hobgoblin is lightly wounded.
You constrict the hobgoblin. The hobgoblin completely misses you.
You release your grip on the hobgoblin.
The jackal completely misses you. The jackal bites you.
You take 3 damage, and have 18/21 hp.
The hobgoblin attacks as you move away! The hobgoblin hits you.
You take 4 damage, and have 14/21 hp.
The hobgoblin attacks as you move away! The hobgoblin hits you.
You take 2 damage, and have 12/21 hp.
Casting: Ensorcelled Hibernation (safe; 11% risk of failure)
Confirm with . or Enter, or press ? or * to list all spells.
Aiming: Ensorcelled Hibernation (safe; 11% risk of failure)
Press: ? - help, Shift-Dir - straight line, f - hobgoblin
Aim: a hobgoblin (moderately wounded, chance to affect: 61%)
The hobgoblin resists with significant effort.
The hobgoblin closely misses you.
You now have 4/6 mp.
You closely miss the hobgoblin. You grab the hobgoblin.
The hobgoblin is moderately wounded.
You constrict the hobgoblin, but do no damage.
The hobgoblin hits you.
You take 4 damage, and have 8/21 hp.
Casting: Ensorcelled Hibernation (safe; 11% risk of failure)
Confirm with . or Enter, or press ? or * to list all spells.
Aiming: Ensorcelled Hibernation (safe; 11% risk of failure)
Press: ? - help, Shift-Dir - straight line, f/p - hobgoblin
Aim: a hobgoblin (moderately wounded, constricted by you, chance to affect: 61%)
The hobgoblin resists with significant effort.
You constrict the hobgoblin, but do no damage.
The hobgoblin closely misses you.
You now have 2/6 mp.
You hit the hobgoblin.
You kill the hobgoblin!
The jackal bites you.
* * * LOW HITPOINT WARNING * * *
You take 3 damage, and have 5/21 hp.
Casting: Ensorcelled Hibernation (safe; 11% risk of failure)
Confirm with . or Enter, or press ? or * to list all spells.
Aiming: Ensorcelled Hibernation (safe; 11% risk of failure)
Press: ? - help, Shift-Dir - straight line, f - jackal
Aim: a jackal (chance to affect: 61%)
The jackal resists with significant effort.
The jackal bites you.
* * * LOW HITPOINT WARNING * * *
You take 2 damage, and have 3/21 hp.
You now have 0/6 mp.
You closely miss the jackal. Your grab misses the jackal. The jackal bites you.
* * * LOW HITPOINT WARNING * * *
You take 2 damage, and have 1/21 hp.
You hit the jackal. Your grab misses the jackal. You squeeze the jackal.
You kill the jackal!
You hit the jackal but do no damage. You grab the jackal.
You constrict the jackal, but do no damage.
The jackal bites you.
You die...

#### #######..
#.....#.# .# ##
#.###.#.# .# . #<#
#...# .#.#
##.###.#.# .#.###
#........#####.....
#.##.##..@h....#.#
#. #.##.###......#
#<
#.[..#####.#####..
#.
####.##...h.......
#. ..##....!......
#.##........#..
#.##........#
#.##..)....##
#.........


You could see a jackal.

Vanquished Creatures
  2 dart slugs (D:1)
  A ball python (D:1)
  2 endoplasms (D:1)
  4 goblins (D:1)
  4 hobgoblins
  3 jackals
  2 quokkas (D:1)
  2 bats (D:1)
  4 frilled lizards (D:1)
  2 kobolds (D:1)
  2 rats (D:1)
28 creatures vanquished.

Notes
Turn   | Place    | Note
-------+----------+-------------------------------------------
     0 | D:1      | SkeletonJelly the Octopode Enchanter began the quest for
                  | the Orb.
     0 | D:1      | Reached XP level 1. HP: 11/11 MP: 3/3
   110 | D:1      | Reached XP level 2. HP: 17/17 MP: 5/5
   230 | D:1      | Found a faded altar of an unknown god.
   234 | D:1      | Learned a level 2 spell: Ensorcelled Hibernation
   828 | D:1      | Reached XP level 3. HP: 17/21 MP: 3/6
  1306 | D:2      | HP: 1/21 [jackal (2)]
  1308 | D:2      | Slain by a jackal

Illustrated notes

Levels and vault maps discovered:
D:1:      mainiacjoe_arrival_reflecting_pool, layout_loops_ring,
          ebering_ecumenical_altar_abandoned, serial_bayou_pond_b
D:2:      layout_loops_cross

Skill      XL: |  1  2 |
---------------+-------+-----
Short Blades   | 2 |  2.4
Dodging        | |  2.0
Stealth        | |  4.0
Spellcasting   | |  2.0
Hexes          | |  3.3
Ice Magic      | |  0.8

Action                   || total
-------------------------++-------
Melee: Dagger            ||    40
       Constrict         ||     9
       Tentacles         ||     5
       Punch             ||     1
Throw: Dart              ||     2
 Cast: Ensorcelled Hiber ||    13
 Stab: Sleeping          ||    17
Armor: Skin              ||     1
Dodge: Dodged            ||    28

Table legend: (Time is in decaauts)
 A = Elapsed time spent in this place.
 B = Non-inter-level travel time spent in this place.
 C = Inter-level travel time spent in this place.
 D = Time resting spent in this place.
 E = Time spent auto-exploring this place.
 F = Levels seen in this place.
 G = Mean time per level.
                   A        B        C        D        E       F      G
               +--------+--------+--------+--------+--------+-----+--------+
         Total |   1304 |   1290 |     14 |      0 |   1007 |   2 |  652.0 |
       Dungeon |   1304 |   1290 |     14 |      0 |   1007 |   2 |  652.0 |
               +--------+--------+--------+--------+--------+-----+--------+

Top non-repeatable levels by time:
     D:1: 1263 daAuts
     D:2: 40 daAuts
